 Dungeon Crawl Stone Soup version 0.31-a0-523-g071a6c1ffa (webtiles) character file.

Game seed: 7201908301503053881

132372 pokeman the Sorcerer (level 16, -1/92 HPs)
             Began as a Deep Elf Hedge Wizard on Aug 11, 2023.
             Was a High Priest of Vehumet.
             Hit by a javelin thrown by a merfolk javelineer (4 damage)
             ... on level 4 of the Shoals.
             The game lasted 01:20:09 (33536 turns).

pokeman the Sorcerer (Deep Elf Hedge Wizard)       Turns: 33536, Time: 01:20:10

Health: -1/92      AC: 15    Str: 10    XL:     16   Next: 57%
Magic:  49/73      EV: 10    Int: 28    God:    Vehumet [*****.]
Gold:   4271       SH: 12    Dex: 14    Spells: 18/63 levels left

rFire   . . .        o - +5 spear (venom)
rCold   . . .        r - +2 buckler {reflect}
rNeg    + + .        J - +0 ring mail "Fivoir" {rN++ MP+9 Slay-6 SInv}
rPois   +            n - +1 hat
rElec   +            p - +0 cloak of the Ageless Realms {Str+3}
rCorr   .            q - +2 pair of gloves
SInv    +            l - +2 pair of boots of Niruwk {rPois}
Will    +....        I - amulet of reflection
Stlth   +            k - ring of magical power
HPRegen 0.35/turn    A - ring of magical power
MPRegen 0.43/turn

%: reflection
@: on blink cooldown, studying Axes, very slow
A: passive freeze, electricity resistance, subdued magic 1
a: Renounce Religion


You were on level 4 of the Shoals.
You worshipped Vehumet.
Vehumet was extremely pleased with you.
You visited 6 branches of the dungeon, and saw 28 of its levels.
You also visited: Sewer, Ossuary and Gauntlet.

You collected 4466 gold pieces.
You spent 195 gold pieces at shops.

Inventory:

Hand Weapons
 o - a +5 spear of venom (weapon)
 W - the +2 quarterstaff of Dissolution {freeze, Fragile rElec rC++ Will-}
   (You took it off an orc warrior on level 10 of the Dungeon)

   rC++:      It greatly protects you from cold.
   rElec:     It insulates you from electricity.
   Will-:     It decreases your willpower.
   Fragile:   It will be destroyed if unequipped.
Missiles
 T - 15 curare-tipped darts
Armour
 l - the +2 pair of boots of Niruwk (worn) {rPois}
   (You found it on level 5 of the Lair of Beasts)

   rPois:     It protects you from poison
 n - a +1 hat (worn)
 p - the +0 cloak of the Ageless Realms (worn) {Str+3}
   (You found it in a Gauntlet)

   Str+3:     It affects your strength (+3).
 q - a +2 pair of gloves (worn)
 r - a +2 buckler of reflection (worn)
 H - the +0 ring mail of Light {rF+}
   (You found it on level 3 of the Lair of Beasts)

   rF+:       It protects you from fire.
 J - the +0 ring mail "Fivoir" (worn) {rN++ MP+9 Slay-6 SInv}
   (You found it on level 5 of the Dungeon)

   Slay-6:    It affects your accuracy & damage with ranged weapons and melee
   (-6).
   rN++:      It greatly protects you from negative energy.
   MP+9:      It affects your magic capacity (+9).
   SInv:      It lets you see invisible.
 S - a +2 leather armour of cold resistance
Magical Staves
 b - a staff of cold
 O - a staff of fire
Jewellery
 g - a ring of wizardry
 k - a ring of magical power (left hand)
 A - a ring of magical power (right hand)
 D - the ring of Axzimeb {rC+ rN+++}
   (You found it on level 12 of the Dungeon)

   [ring of protection from cold]

   rC+:       It protects you from cold.
   rN+++:     It renders you almost immune to negative energy.
 I - an amulet of reflection (around neck)
 Q - a ring of flight
Wands
 h - a wand of charming (2)
 X - a wand of acid (10)
 Z - a wand of digging (5)
Scrolls
 j - a scroll of fog
 s - 14 scrolls of teleportation
 t - a scroll of poison
 F - 6 scrolls of revelation
 K - 4 scrolls of blinking
Potions
 c - 6 potions of heal wounds
 d - 3 potions of magic
 e - 5 potions of invisibility
 f - a potion of curing
 i - 11 potions of haste
 m - a potion of cancellation {unknown}
 C - a potion of ambrosia
 G - 3 potions of resistance
 L - 4 potions of enlightenment {unknown}
 U - a potion of brilliance {unknown}
 V - a potion of mutation
Miscellaneous
 a - a tin of tremorstones (2/2)


   Skills:
 - Level 7.0 Fighting
 + Level 6.8 Armour
 - Level 3.0 Dodging
 - Level 3.0 Stealth
 - Level 6.1 Shields
 * Level 24.3 Spellcasting
 + Level 15.5 Conjurations
 - Level 1.1 Summonings
 - Level 1.1 Translocations
 - Level 3.0 Transmutations
 + Level 13.7 Fire Magic
 - Level 1.2 Ice Magic
 - Level 1.0 Air Magic
 - Level 2.0 Earth Magic
 - Level 1.0 Poison Magic
 - Level 1.0 Evocations


You had 18 spell levels left.
You knew the following spells:

 Your Spells              Type           Power      Damage    Failure   Level
a - Magic Dart            Conj           100%       1d8       0%          1
b - Mephitic Cloud        Conj/Pois/Air  51%        N/A       1%          3
c - Call Imp              Summ           60%        N/A       1%          2
d - Blink                 Tloc           60%        N/A       1%          2
e - Fireball              Conj/Fire      36%        3d15      1%          5
f - Stone Arrow           Conj/Erth      100%       3d13      1%          3
g - Irradiate             Conj/Tmut      30%        3d21      1%          5
h - Iskenderun's Battles  Conj           75%        2d12      1%          5
i - Starburst             Conj/Fire      36%        6d11      1%          6
j - Ignition              Fire           35%        3d11      16%         8
k - Lee's Rapid Deconstr  Erth           17%        3d10*     9%          5

Your spell library contained the following spells:

 Spells                   Type           Power      Damage    Failure   Level
 Searing Ray              Conj           100%       2d8       0%          2
 Kiss of Death            Conj/Necr      100%       2d13      1%          1
 Sandblast                Erth           68%        2d15      1%          1
 Lesser Beckoning         Tloc           60%        N/A       1%          2
 Momentum Strike          Conj/Tloc      100%       3d10      1%          2
 Passwall                 Tmut/Erth      30%        N/A       1%          2
 Wereblood                Tmut           39%        N/A       1%          2
 Dazzling Flash           Conj/Hex       100%       N/A       1%          3
 Ignite Poison            Fire/Tmut/Pois 51%        N/A       1%          3
 Volatile Blastmotes      Fire/Tloc      100%       2d18      1%          3
 Fulminant Prism          Conj/Hex       28%        3d14      1%          4
 Sticky Flame             Conj/Fire      73%        2d9       1%          4
 Slow                     Hex            100%       N/A       2%          1
 Cigotuvi's Dreadful Rot  Necr/Pois/Air  58%        N/A       2%          2
 Ensorcelled Hibernation  Hex/Ice        56%        N/A       2%          2
 Portal Projectile        Hex/Tloc       56%        N/A       5%          3
 Confusing Touch          Hex            26%        N/A       7%          3
 Passage of Golubria      Tloc           30%        N/A       16%         4
 Cause Fear               Hex            13%        N/A       24%         4
 Dispel Undead            Necr           26%        3d13      24%         4
 Maxwell's Capacitive Co  Air            15%        ∞         100%        8
 Dragon's Call            Summ           15%        N/A       100%        9


Dungeon Overview and Level Annotations

Branches:
Dungeon (15/15)            Temple (1/1) D:7            Lair (5/5) D:10
 Shoals (4/4) Lair:3        Snake (0/4) Lair:2        Slime (0/5) Lair:5
    Orc (2/2) D:11            Elf (0/3) Orc:2        Vaults (0/5) D:14
 Depths (1/4) D:15          Sewer (visited)         Ossuary (visited)
Gauntlet (visited)

Altars:
Ashenzari
Cheibriados
Dithmenos
Elyvilon
Fedhas
Gozag
Hepliaklqana
Kikubaaqudgha
Makhleb
Nemelex Xobeh
Okawaru
Qazlal
Ru
Sif Muna
Trog
Uskayaw
Vehumet
Wu Jian
Xom
Yredelemnul
Zin
The Shining One
Jiyva

Shops:
D:5 [   D:11 (   D:12 (   Orc:2 [:(*

Portals:
Trove: D:13 (give 7 scrolls of fear)

Annotations:
D:8 3 runed translucent doors, wormstring's ghost, novice FeCK
D:14 1 runed translucent door, Xanau's ghost, journeyman FoFi


Innate Abilities, Weirdness & Mutations

A frigid envelope surrounds you and freezes all who hurt you.
You are resistant to electric shocks. (rElec)
Your spells are a little easier to cast, but a little less powerful.


Message History

Press: ? - help, Shift-Dir - straight line The fireball explodes!
The fireball engulfs the alligator snapping turtle!!
The alligator snapping turtle is heavily wounded.
The fireball engulfs the merfolk aquamancer!!!
The merfolk aquamancer is heavily wounded.
The merfolk hits you from afar with a +0 trident of freezing!
The merfolk freezes you.
The alligator snapping turtle bites you from afar!
The water nymph barely misses you.
Unknown command.
Unknown command.
Casting: Fireball (safe; 1% risk of failure)
Confirm with . or Enter, or press ? or * to list all spells.
Aiming: Fireball (safe; 1% risk of failure)
Press: ? - help, Shift-Dir - straight line The fireball explodes!
The fireball engulfs the merfolk aquamancer!
The merfolk aquamancer is severely wounded.
The fireball engulfs the alligator snapping turtle!!
The alligator snapping turtle is severely wounded.
You block the merfolk's attack.
You block the alligator snapping turtle's attack.
You block the water nymph's attack.
Unknown command.
Unknown command.
Casting: Fireball (safe; 1% risk of failure)
Confirm with . or Enter, or press ? or * to list all spells.
You blink.
Splash!
You block the alligator snapping turtle's attack.
The merfolk aquamancer casts a spell at you.
The torrent of water hits you!!
* * * LOW HITPOINT WARNING * * *
You are knocked back by the torrent of water.
Splash!
The wave splashes down.
The merfolk javelineer throws a javelin.
The javelin pierces through you.
You die...

~~~~~~~~~~~~~~≈≈≈≈≈≈
..~~~~~~.~~~~~~~~~~≈≈
...~~~~~~~~~~~~~~~~≈≈≈
....~~~~m~~~~~~~~~~≈≈≈
....~~~~(~mm~~~~~~~~≈≈
....~~~~~.m..~~~~~~~≈≈
...~~~~~~t).~~~~~~~≈≈
#~~~~~m..~~~~~~~~≈
##~@~~§..[~~~..~~≈
#[~##m##..~~~~~~≈
#.##mmm##.~~~~~~≈
#.#~~~..#..~~~≈≈≈
#.#.~φ..#.~~~≈≈≈≈
.~#.~~~.#.~~~≈≈≈≈
~≈##~) ##~~~~≈≈≈≈ ~≈≈
### ~~~~≈≈≈≈≈
~~~≈≈≈≈≈≈


You could see an alligator snapping turtle, a merfolk javelineer, 3 merfolk
aquamancers, a merfolk and a water nymph.

Vanquished Creatures
  A tengu reaver (D:12)
  Ilsuiw (Shoals:3)
  An orc warlord (Orc:2)
  A stone giant (D:15)
  A minotaur (Gauntlet)
  Snorg (D:13)
  3 merfolk impalers
  3 merfolk javelineers
  Fannar (Lair:3)
  An ice dragon (Depths:1)
  An alligator snapping turtle (Shoals:1)
  7 hydras
  2 ogre magi
  4 catoblepae
  Harold (Lair:1)
  3 boulder beetles
  2 merfolk avatars (Shoals:3)
  6 centaur warriors
  3 alligators (Shoals:1)
  8 two-headed ogres
  2 satyrs (Shoals:3)
  8 tengu warriors
  A deep troll shaman (Lair:5)
  4 death yaks (Lair:5)
  An orc high priest (Orc:2)
  Urug (D:13)
  Nergalle (Orc:1)
  Sonja (D:12)
  A skyshark (Shoals:1)
  5 sea snakes
  2 goliath frogs (Shoals:1)
  6 skeletal warriors
  A lindwurm (Lair:5)
  A wizard (D:14)
  3 deep elf pyromancers
  15 harpies
  5 orc knights
  The ghost of jasper the Mimic, a novice SpSh of Okawaru (D:9)
  9 orc sorcerers (Orc:2)
  A wolf spider (D:15)
  7 cyclopes
  3 oklob plants (Lair:4)
  3 fauns (Shoals:2)
  7 ugly things
  8 manticores
  15 elephants
  Joseph (D:7)
  7 black mambas
  3 water nymphs
  7 merfolk sirens
  Maggie (Lair:2)
  A molten gargoyle (Gauntlet)
  A torpor snail (Gauntlet)
  9 cane toads
  2 unseen horrors
  A rime drake (shapeshifter) (D:13)
  2 gargoyles
  4 yaktaurs
  A kobold demonologist (D:14)
  3 rime drakes
  11 komodo dragons
  A tengu conjurer (D:14)
  9 trolls
  4 merfolk
  3 meliai (D:13)
  3 polar bears
  2 wind drakes
  5 dream sheep
  13 blink frogs
  6 snapping turtles
  11 slime creatures
  2 water elementals
  A shadow (D:12)
  6 wraiths
  32 yaks
  2 vampires
  5 wyverns
  A steam dragon (D:8)
  A human (D:5)
  4 basilisks
  8 vampire mosquitoes
  2 acid dragons (D:12)
  Edmund (D:6)
  7 wargs
  22 water moccasins
  35 orc warriors
  A sky beast (D:6)
  2 ice beasts
  A black bear (Lair:5)
  20 wolves
  4 ogres
  13 centaurs
  9 kobold brigands
  Blork the orc (D:5)
  9 bullfrogs
  6 water moccasin zombies (Ossuary)
  A scorpion (D:4)
  5 wights (D:9)
  45 killer bees
  6 howler monkeys
  7 electric eels
  13 orc priests
  11 hounds
  2 jellies
  Crazy Yiuf (D:3)
  A gnoll bouda (D:8)
  Jessica (D:3)
  3 iguanas
  Terence (D:3)
  23 orc wizards
  2 mummies (Ossuary)
  Robin (D:3)
  6 gnolls
  6 adders
  A white imp (D:7)
  2 ufetubi
  7 adder zombies (Ossuary)
  2 worms (D:4)
  A dart slug (D:4)
  91 orcs
  9 ball pythons
  9 bats
  12 endoplasms
  4 giant cockroaches
  3 gnoll zombies (Ossuary)
  7 hobgoblins
  3 jackals (D:1)
  39 kobolds
  A quokka (D:3)
  7 frilled lizards
  16 goblins
  3 hobgoblin zombies (Ossuary)
  7 kobold zombies (Ossuary)
  6 orc zombies
  8 rats
842 creatures vanquished.

Vanquished Creatures (collateral kills)
  Sigmund (D:2)
  A human zombie (D:5)
  A hound (D:6)
3 creatures vanquished.

Vanquished Creatures (others)
  An orc wizard (D:7)
1 creature vanquished.

Grand Total: 846 creatures vanquished

Notes
Turn   | Place    | Note
-------+----------+-------------------------------------------
     0 | D:1      | pokeman the Deep Elf Hedge Wizard began the quest for the
                  | Orb.
     0 | D:1      | Reached XP level 1. HP: 10/10 MP: 7/7
   300 | D:1      | Reached XP level 2. HP: 15/16 MP: 1/9
   749 | D:1      | Reached skill level 5 in Spellcasting
  1150 | D:1      | Reached XP level 3. HP: 20/20 MP: 11/11
  1154 | D:1      | Learned a level 3 spell: Mephitic Cloud
  1157 | D:1      | Learned a level 2 spell: Call Imp
  1160 | D:1      | Learned a level 2 spell: Blink
  1529 | D:2      | Reached skill level 1 in Armour
  1711 | D:2      | Reached skill level 1 in Fighting
  2021 | D:2      | Noticed Sigmund
  2039 | D:2      | Killed Sigmund
  2040 | D:2      | Reached XP level 4. HP: 25/25 MP: 12/13
  2040 | D:2      | Reached XP level 5. HP: 29/29 MP: 12/14
  2149 | D:2      | Found a radiant altar of Vehumet.
  2158 | D:2      | Became a worshipper of Vehumet
  2518 | D:3      | Noticed Robin
  2541 | D:3      | Killed Robin
  2634 | D:3      | Noticed Jessica
  2638 | D:3      | Killed Jessica
  2639 | D:3      | Reached skill level 5 in Conjurations
  2639 | D:3      | Reached XP level 6. HP: 34/34 MP: 16/16
  2703 | D:3      | Reached * piety under Vehumet
  2703 | D:3      | Offered knowledge of Freeze by Vehumet.
  3073 | D:3      | Noticed Terence
  3085 | D:3      | Killed Terence
  3086 | D:3      | Reached skill level 6 in Spellcasting
  3147 | D:3      | Found a faded altar of an unknown god.
  3450 | D:3      | Found a runed translucent door.
  3451 | D:3      | Noticed Crazy Yiuf
  3626 | D:3      | Killed Crazy Yiuf
  3680 | D:4      | Reached skill level 1 in Evocations
  3723 | D:4      | Reached skill level 1 in Air Magic
  3723 | D:4      | Reached skill level 1 in Poison Magic
  3795 | D:4      | Found a glowing drain.
  3821 | Sewer    | Entered a sewer
  3822 | Sewer    | Upgraded the game from 0.31-a0-521-gc7390f8997 to
                  | 0.31-a0-523-g071a6c1ffa
  4058 | Sewer    | Reached ** piety under Vehumet
  4115 | Sewer    | Offered knowledge of Sandblast by Vehumet.
  4128 | Sewer    | Reached XP level 7. HP: 36/38 MP: 19/19
  4476 | D:5      | Entered Level 5 of the Dungeon
  4476 | D:5      | Noticed Blork the orc
  4494 | D:5      | Killed Blork the orc
  4495 | D:5      | Reached skill level 7 in Spellcasting
  4534 | D:5      | Found a sand-covered staircase.
  4545 | Ossuary  | Entered an ossuary
  4642 | Ossuary  | Reached skill level 8 in Spellcasting
  4795 | Ossuary  | Offered knowledge of Momentum Strike by Vehumet.
  4839 | Ossuary  | Reached *** piety under Vehumet
  4843 | Ossuary  | Reached XP level 8. HP: 39/45 MP: 22/22
  5026 | D:5      | Offered knowledge of Olgreb's Toxic Radiance by Vehumet.
  5027 | D:5      | Reached skill level 9 in Spellcasting
  5158 | D:5      | You fall into a shaft and drop 3 floors!
  5575 | D:5      | Found a hide-covered altar of Uskayaw.
  5578 | D:5      | Found Ocha Ozi's Antique Armour Boutique.
  5588 | D:5      | Bought a glowing buckler for 195 gold pieces
  5597 | D:5      | Identified the +0 ring mail "Fivoir" {rN++ MP+9 Slay-6
                  | SInv}
  5636 | D:5      | Reached skill level 10 in Spellcasting
  5765 | D:5      | Found a runed translucent door.
  5774 | D:5      | Found a basalt altar of Yredelemnul.
  6148 | D:6      | Reached **** piety under Vehumet
  6155 | D:6      | Offered knowledge of Hailstorm by Vehumet.
  6241 | D:6      | Found an ancient bone altar of Kikubaaqudgha.
  6398 | D:6      | Noticed Edmund
  6411 | D:6      | Killed Edmund
  6412 | D:6      | Reached XP level 9. HP: 48/51 MP: 25/25
  6419 | D:6      | Reached skill level 11 in Spellcasting
  6877 | D:7      | Found a staircase to the Ecumenical Temple.
  6885 | D:7      | Identified the ring "Unatar" {Str+6 Int+5 Slay-6}
  7027 | D:7      | Noticed Joseph
  7053 | D:7      | Killed Joseph
  7054 | D:7      | Reached skill level 1 in Fire Magic
  7228 | D:7      | Found a stormy altar of Qazlal.
  7447 | D:8      | Reached skill level 12 in Spellcasting
  7659 | D:8      | Learned a level 5 spell: Fireball
  7902 | D:8      | Reached XP level 10. HP: 55/56 MP: 28/28
  7915 | D:8      | Reached ***** piety under Vehumet
  7919 | D:8      | Reached skill level 13 in Spellcasting
  7931 | D:8      | Offered knowledge of Freezing Cloud by Vehumet.
  7954 | D:8      | Reached skill level 1 in Shields
  8195 | D:8      | Found a runed translucent gate.
  8196 | D:8      | Found a runed translucent gate.
  8196 | D:8      | Found a runed translucent gate.
  8196 | D:8      | Noticed wormstring's ghost (novice FeCK)
  8342 | D:8      | Found a viscous altar of Jiyva.
  8698 | D:9      | Found a runed translucent gate.
  8698 | D:9      | Found a runed translucent gate.
  8698 | D:9      | Found a runed translucent gate.
  8698 | D:9      | Noticed jasper's ghost (novice SpSh)
  9099 | D:9      | Learned a level 3 spell: Stone Arrow
  9333 | D:9      | Killed jasper's ghost
  9334 | D:9      | Reached skill level 14 in Spellcasting
  9334 | D:9      | Reached skill level 1 in Ice Magic
  9446 | D:10     | Entered Level 10 of the Dungeon
  9449 | D:10     | Reached skill level 5 in Fire Magic
  9449 | D:10     | Reached skill level 1 in Earth Magic
  9477 | D:10     | Identified the +2 quarterstaff of Dissolution {freeze,
                  | Fragile rElec rC++ Will-}
  9763 | D:10     | Reached XP level 11. HP: 60/60 MP: 31/31
  9860 | D:10     | Found a staircase to the Lair.
 10695 | D:11     | Learned a level 5 spell: Irradiate
 10829 | D:11     | Found Boc Laxa's Antique Weapon Shoppe.
 10952 | D:11     | Offered knowledge of Iskenderun's Battlesphere by Vehumet.
 10960 | D:11     | Learned a level 5 spell: Iskenderun's Battlesphere
 10973 | D:11     | Reached skill level 1 in Transmutations
 11115 | D:11     | Found a staircase to the Orcish Mines.
 11166 | D:11     | Reached skill level 15 in Spellcasting
 11527 | D:12     | Noticed a red ugly thing
 11532 | D:12     | Noticed a cyan ugly thing
 11533 | D:12     | Killed a red ugly thing
 11537 | D:12     | Reached skill level 10 in Conjurations
 11539 | D:12     | Noticed a two-headed ogre
 11973 | D:12     | Noticed Sonja
 11976 | D:12     | Killed Sonja
 12122 | D:12     | Noticed a two-headed ogre
 12125 | D:12     | Killed a two-headed ogre
 12126 | D:12     | Reached skill level 16 in Spellcasting
 12459 | D:12     | Killed a two-headed ogre
 12460 | D:12     | Reached XP level 12. HP: 66/66 MP: 28/34
 12594 | D:12     | Noticed a tengu reaver
 12603 | D:12     | Killed a tengu reaver
 12760 | D:12     | Identified the ring of Axzimeb {rC+ rN+++}
 12994 | D:12     | Found Alonin Ocim's Antique Weapon Boutique.
 13092 | D:12     | Found a sparkling altar of Nemelex Xobeh.
 13347 | Temple   | Entered the Ecumenical Temple
 13510 | D:13     | Found a portal to a secret trove of treasure.
 13513 | D:13     | Noticed Snorg
 13518 | D:13     | Reached skill level 17 in Spellcasting
 13642 | D:13     | Noticed an eight-headed hydra
 13646 | D:13     | Killed an eight-headed hydra
 13652 | D:13     | Noticed a tengu warrior
 13654 | D:13     | Noticed a tengu warrior
 13776 | D:13     | Noticed Urug
 13780 | D:13     | Killed Snorg
 13782 | D:13     | Killed Urug
 13788 | D:13     | Offered knowledge of Arcjolt by Vehumet.
 13789 | D:13     | Reached skill level 5 in Fighting
 13792 | D:13     | Noticed a two-headed ogre
 13963 | D:13     | Noticed a six-headed hydra
 13965 | D:13     | Killed a six-headed hydra
 13971 | D:13     | Killed a two-headed ogre
 13976 | D:13     | Reached skill level 18 in Spellcasting
 14067 | D:13     | Killed a tengu warrior
 14069 | D:13     | Killed a tengu warrior
 14649 | D:14     | Noticed a boulder beetle
 14658 | D:14     | Killed a boulder beetle
 14664 | D:14     | Reached XP level 13. HP: 62/72 MP: 37/37
 15197 | D:14     | Found a gate to the Vaults.
 15281 | D:14     | Reached skill level 5 in Armour
 15433 | D:14     | Reached skill level 19 in Spellcasting
 15478 | D:14     | Found a runed translucent door.
 15481 | D:14     | Noticed Xanau's ghost (journeyman FoFi)
 15484 | D:14     | Identified the +8 trident of Corporal Punishment {chaos,
                  | Str+6}
 15827 | D:14     | Found an ornate altar of the Wu Jian Council.
 16240 | D:14     | Identified the +0 robe of a Thousand Orbs {rF+++ rN+ Regen+
                  | Dex-3}
 16255 | D:15     | Entered Level 15 of the Dungeon
 16292 | D:15     | Reached skill level 10 in Fire Magic
 16534 | D:15     | Paralysed by an ogre mage for 3 turns
 16733 | D:15     | Reached skill level 5 in Shields
 17012 | D:15     | Noticed a stone giant
 17016 | D:15     | Reached skill level 20 in Spellcasting
 17174 | D:15     | Killed a stone giant
 17175 | D:15     | Reached XP level 14. HP: 78/78 MP: 40/40
 17937 | D:15     | Identified the +1 dagger of Prudence {drain, rC+ SInv}
 18132 | D:15     | Found a staircase to the Depths.
 18698 | Lair:1   | Entered Level 1 of the Lair of Beasts
 18879 | Lair:1   | Noticed Harold
 18883 | Lair:1   | Killed Harold
 19005 | Lair:1   | You fall into a shaft and drop 1 floor!
 19013 | Lair:2   | Identified the +1 robe "Couss" {Rampage rPois rCorr}
 19030 | Lair:2   | Noticed Maggie
 19044 | Lair:2   | Found a gate leading to a gauntlet.
 19050 | Lair:2   | Offered knowledge of Spellforged Servitor by Vehumet.
 19055 | Gauntlet | Entered a Gauntlet
 19055 | Gauntlet | Found a transporter.
 19058 | Gauntlet | Gained mutation: Armour fits poorly on your strangely
                  | shaped body. [potion of mutation]
 19058 | Gauntlet | Gained mutation: You do not regenerate when monsters are
                  | visible. [potion of mutation]
 19058 | Gauntlet | Gained mutation: Your body sometimes deteriorates upon
                  | taking damage. [potion of mutation]
 19058 | Gauntlet | Gained mutation: You have a pair of small horns on your
                  | head. [potion of mutation]
 19058 | Gauntlet | HP: 3/78 [poisoned by a water moccasin]
 19060 | Gauntlet | Lost mutation: You have a pair of small horns on your head.
                  | [potion of mutation]
 19060 | Gauntlet | Lost mutation: You do not regenerate when monsters are
                  | visible. [potion of mutation]
 19060 | Gauntlet | Gained mutation: You have sharp toenails. [potion of
                  | mutation]
 19060 | Gauntlet | Gained mutation: You are partially covered in iridescent
                  | scales. (AC +2) [potion of mutation]
 19061 | Gauntlet | Lost mutation: You are partially covered in iridescent
                  | scales. (AC +2) [potion of mutation]
 19061 | Gauntlet | Lost mutation: You have sharp toenails. [potion of
                  | mutation]
 19061 | Gauntlet | Lost mutation: Your body sometimes deteriorates upon taking
                  | damage. [potion of mutation]
 19061 | Gauntlet | Gained mutation: You have sharp toenails. [potion of
                  | mutation]
 19061 | Gauntlet | Gained mutation: You are robust. (+10% HP) [potion of
                  | mutation]
 19062 | Gauntlet | Lost mutation: You are robust. (+10% HP) [potion of
                  | mutation]
 19062 | Gauntlet | Lost mutation: Armour fits poorly on your strangely shaped
                  | body. [potion of mutation]
 19062 | Gauntlet | Gained mutation: You have a pair of small antennae on your
                  | head. [potion of mutation]
 19062 | Gauntlet | Gained mutation: You possess an exceptional clarity of
                  | mind. [potion of mutation]
 19063 | Gauntlet | Lost mutation: You possess an exceptional clarity of mind.
                  | [potion of mutation]
 19063 | Gauntlet | Lost mutation: You have a pair of small antennae on your
                  | head. [potion of mutation]
 19063 | Gauntlet | Lost mutation: You have sharp toenails. [potion of
                  | mutation]
 19063 | Gauntlet | Gained mutation: You are clumsy. (Dex -2) [potion of
                  | mutation]
 19064 | Gauntlet | Lost mutation: You are clumsy. (Dex -2) [potion of
                  | mutation]
 19064 | Gauntlet | Gained mutation: You are occasionally teleported next to
                  | monsters. [potion of mutation]
 19064 | Gauntlet | Gained mutation: Your flesh is cold resistant. (rC+)
                  | [potion of mutation]
 19064 | Gauntlet | Gained mutation: You have large cloven feet. [potion of
                  | mutation]
 19064 | Gauntlet | HP: 3/78 [poisoned by a water moccasin]
 19291 | Gauntlet | Found a transporter.
 19293 | Gauntlet | Found a transporter.
 19308 | Gauntlet | Found a transporter.
 19310 | Gauntlet | Found a transporter.
 19330 | Gauntlet | Found a transporter.
 19337 | Gauntlet | Found a transporter.
 19347 | Gauntlet | Found a transporter.
 19351 | Gauntlet | Found a transporter.
 19354 | Gauntlet | Found a transporter.
 19371 | Gauntlet | Found a transporter.
 19385 | Gauntlet | Found a transporter.
 19394 | Gauntlet | Found a transporter.
 19396 | Gauntlet | Found a transporter.
 19715 | Gauntlet | Identified the ring "Vubrezas" {Ice Str+3 Int+4 Dex+4}
 19765 | Gauntlet | Identified the +0 cloak of the Ageless Realms {Str+3}
 19972 | Lair:2   | Killed Maggie
 19975 | Lair:2   | Reached skill level 21 in Spellcasting
 20329 | Lair:1   | Learned a level 6 spell: Starburst
 20479 | Lair:1   | Identified a scroll of acquirement
 20482 | Lair:1   | Acquired 787 gold pieces
 21032 | Lair:2   | Found a staircase to the Snake Pit.
 21690 | Lair:3   | Noticed Fannar
 21693 | Lair:3   | Killed Fannar
 21744 | Lair:3   | Found a staircase to the Shoals.
 21994 | Lair:3   | Acquired 819 gold pieces
 22092 | Lair:3   | Identified the +0 ring mail of Light {rF+}
 22801 | Lair:4   | Offered knowledge of Plasma Beam by Vehumet.
 23421 | Lair:4   | Lost mutation: You have large cloven feet. [potion of
                  | mutation]
 23421 | Lair:4   | Lost mutation: Your flesh is cold resistant. (rC+) [potion
                  | of mutation]
 23421 | Lair:4   | Lost mutation: You are occasionally teleported next to
                  | monsters. [potion of mutation]
 23421 | Lair:4   | Gained mutation: You are resistant to electric shocks.
                  | (rElec) [potion of mutation]
 23421 | Lair:4   | Gained mutation: A frigid envelope surrounds you and
                  | freezes all who hurt you. [potion of mutation]
 23421 | Lair:4   | Gained mutation: Your spells are a little easier to cast,
                  | but a little less powerful. [potion of mutation]
 23431 | Lair:4   | Learned a level 8 spell: Ignition
 23650 | Lair:4   | Reached XP level 15. HP: 8/82 MP: 42/42
 24278 | Lair:5   | Entered Level 5 of the Lair of Beasts
 24561 | Lair:5   | Reached skill level 22 in Spellcasting
 25008 | Lair:5   | Found a viscous altar of Jiyva.
 25227 | Lair:5   | Found a staircase to the Slime Pits.
 26380 | Lair:5   | Identified the +2 pair of boots of Niruwk {rPois}
 26923 | Orc:1    | Entered Level 1 of the Orcish Mines
 27152 | Orc:1    | Found a bloodstained altar of Trog.
 27350 | Orc:2    | Entered Level 2 of the Orcish Mines
 27374 | Orc:2    | Offered knowledge of Lee's Rapid Deconstruction by Vehumet.
 27398 | Orc:2    | Learned a level 5 spell: Lee's Rapid Deconstruction
 27410 | Orc:2    | Paralysed by an orc sorcerer for 2 turns
 27614 | Orc:2    | Found Kisk's Book Shoppe.
 27652 | Orc:2    | Found Veinwaj's General Store.
 27934 | Orc:2    | Found Vuixtisa's Antique Weapon Emporium.
 27995 | Orc:2    | Found a staircase to the Elven Halls.
 28111 | Orc:2    | Reached skill level 23 in Spellcasting
 28336 | Orc:2    | Found Wiuts's Antique Armour Boutique.
 28634 | Orc:1    | Noticed Nergalle
 28647 | Orc:1    | Killed Nergalle
 29080 | Depths:1 | Entered Level 1 of the Depths
 29083 | Depths:1 | Noticed a fire giant
 29291 | Shoals:1 | Entered Level 1 of the Shoals
 29950 | Shoals:1 | Reached XP level 16. HP: 57/90 MP: 45/45
 30183 | Shoals:1 | Reached skill level 15 in Conjurations
 31119 | Shoals:2 | Got Sif Muna's Folio of the Geometric Chill
 32023 | Shoals:3 | Noticed Ilsuiw
 32032 | Shoals:3 | Killed Ilsuiw
 32204 | Shoals:3 | Reached skill level 24 in Spellcasting
 32683 | Shoals:3 | Reached ****** piety under Vehumet
 33347 | Shoals:4 | Entered Level 4 of the Shoals
 33536 | Shoals:4 | HP: 3/92 [merfolk aquamancer/torrent of water (33)]
 33536 | Shoals:4 | Hit by a javelin thrown by a merfolk javelineer

Illustrated notes

Levels and vault maps discovered:
D:1:      dpeg_arrival_pond, layout_basic
D:2:      layout_loops_corners, minmay_hexomino_r4, uniq_sigmund
D:3:      layout_loops_cross, hellmonk_ecumenical_altar_defaced_shrine,
          wad_orctagon, uniq_terence, uniq_robin, uniq_jessica,
          uniq_crazy_yiuf_cottage
D:4:      layout_rooms, cheibrodos_sewer_entry_bend
D:5:      layout_basic, eat_drink_and_be_merry_uskayaw, dk_yredelemnul_ordeal,
          serial_shops, shop, enter_ossuary_3, uniq_blork_the_orc
D:6:      layout_rooms, kiku_gazebo_pond_becter, uniq_edmund
D:7:      layout_basic, nicolae_qazlal_scattered_showers,
          minmay_temple_entry_sparse_star, uniq_joseph
D:8:      layout_basic, gammafunk_ghost_ooze, minmay_misc_feat_pillars,
          nicolae_two_hexagons
D:9:      layout_loops_ring, ebering_ghost_rock_garden
D:10:     layout_irregular_city, erik_lair_island, serial_bayou,
          serial_bayou_pond_a, serial_bayou_pond_e, serial_bayou_shore_a,
          serial_bayou_ford_a, serial_bayou_pond_d, serial_bayou_pond_e
D:11:     layout_roguey, david_orc_4, serial_shops,
          nicolae_shop_tiny_statue_garden
D:12:     kennysheep_scales, layout_rooms, serial_shops, shop,
          nemelex_xobeh_ov_fountains_minmay, uniq_sonja
D:13:     layout_basic, enter_trove_1, uniq_snorg, uniq_urug
D:14:     layout_roguey, hangedman_vaults_entry_quadrant_bands,
          nicolae_wu_jian_wuxing_cycle, ebering_ghost_funeral_grove
D:15:     grunt_enter_depths_snipers, layout_irregular_city, serial_park_paths
          [serial_park_minivault_5x5_1]
Temple:   nicolae_temple_no_exploring_needed
Lair:1:   layout_roguey, lemuel_another_geyser, uniq_harold
Lair:2:   layout_chaotic_city, minmay_snake_entry_six_corridors,
          gauntlet_entry_generic, st_stairs_13, mumra_transporter_accident,
          serial_bayou_crossing, lemuel_fruit_tree, uniq_maggie
Lair:3:   layout_cave_pods, nicolae_shoals_entry_flooding, uniq_fannar
Lair:4:   wad_woods_minihive, layout_concentric_octagons, dpeg_oklob_1
Lair:5:   grunt_lair_end_beastmaster, layout_long_grid, dpeg_slime_entry_corner,
          serial_forest, infiniplex_forest_lined_2, infiniplex_forest_lined_3,
          infiniplex_forest_end_1, infiniplex_forest_lined_3,
          infiniplex_forest_straight_3, infiniplex_forest_clump_medium,
          dreamdust_deal_with_the_devil, grunt_megastairs_3
Shoals:1: layout_shoals, nicolae_shoals_goliath_grotto
Shoals:2: layout_shoals, yaktaur_hedge
Shoals:3: layout_shoals, uniq_ilsuiw
Shoals:4: shoals_end_simple, layout_shoals, nicolae_shoals_wave_tunnel
Orc:1:    layout_caves, basic_altar, mines5_lemuel, uniq_nergalle
Orc:2:    grunt_orc_gardens, layout_diamond_mine, grunt_orc_garden,
          grunt_orc_garden, grunt_orc_garden, grunt_orc_garden,
          nicolae_orc_damp_corner
Depths:1: layout_cave_pools, hell_entry, pan_entry

Skill      XL: |  1  2  3  4  5  6  7  8  9 10 11 12 13 14 15 16 |
---------------+-------------------------------------------------+-----
Spellcasting   | 5 6 8 10 12 14 16 18 20 21 23 24 | 24.3
Armour         | 1 2 3 4 5 6 |  6.8
Fighting       | 1 2 3 5 6 7 |  7.0
Conjurations   | 4 5 6 7 8 9 10 11 12 13 14 15 | 15.5
Dodging        | 3 |  3.0
Stealth        | 3 |  3.0
Evocations     | 1 |  1.0
Air Magic      | 1 |  1.0
Poison Magic   | 1 |  1.0
Fire Magic     | 3 5 7 8 10 11 13 | 13.7
Shields        | 2 4 5 6 |  6.1
Ice Magic      | 1 |  1.2
Earth Magic    | 2 |  2.0
Transmutations | 3 |  3.0
Summonings     | |  1.1
Translocations | |  1.1

Action                     |  1- 3 |  4- 6 |  7- 9 | 10-12 | 13-15 | 16-18 || total
---------------------------+-------+-------+-------+-------+-------+-------++-------
  Melee: Dagger            |    16 |    75 |   152 |    82 |    20 |       ||   345
         Unarmed           |       |    16 |       |       |       |       ||    16
         Punch             |       |     2 |     5 |     1 |       |       ||     8
         Hand axe          |       |       |    97 |       |       |       ||    97
   Cast: Magic Dart        |   105 |    85 |   194 |    20 |       |       ||   404
         Mephitic Cloud    |     1 |     6 |    20 |    17 |     8 |       ||    52
         Call Imp          |     1 |       |     4 |     1 |       |       ||     6
         Blink             |       |       |     1 |     1 |     9 |     1 ||    12
         Fireball          |       |       |       |   211 |   616 |   139 ||   966
         Stone Arrow       |       |       |       |    10 |    28 |       ||    38
         Irradiate         |       |       |       |     4 |     5 |       ||     9
         Iskenderun's Batt |       |       |       |     1 |       |       ||     1
    Use: Scroll            |       |       |       |    16 |     8 |     1 ||    25
         Potion            |       |       |       |       |    11 |       ||    11
   Stab: Confused          |     2 |     3 |    14 |    10 |     1 |       ||    30
         Sleeping          |       |       |     2 |       |       |       ||     2
 Armour: Robe              |     8 |    33 |    89 |       |       |       ||   130
         Skin              |       |     2 |       |       |       |       ||     2
         Leather armour    |       |       |     4 |    26 |       |       ||    30
         Ring mail         |       |       |       |       |    62 |     9 ||    71
  Dodge: Dodged            |    16 |    73 |   193 |    56 |    53 |     7 ||   398
  Block: Other             |       |       |    27 |    27 |    26 |       ||    80
         Reflection        |       |       |     1 |     5 |     9 |     6 ||    21
         Buckler           |       |       |       |       |    10 |    14 ||    24

Table legend: (Time is in decaauts)
 A = Elapsed time spent in this place.
 B = Non-inter-level travel time spent in this place.
 C = Inter-level travel time spent in this place.
 D = Time resting spent in this place.
 E = Time spent auto-exploring this place.
 F = Levels seen in this place.
 G = Mean time per level.
                   A        B        C        D        E       F      G
               +--------+--------+--------+--------+--------+-----+--------+
         Total |  33803 |  31355 |   2448 |   2688 |  24176 |  31 | 1090.4 |
       Dungeon |  18579 |  16773 |   1806 |   1778 |  12330 |  15 | 1238.6 |
        Temple |     93 |     84 |      9 |      0 |      0 |   1 |   93.0 |
          Lair |   7118 |   6654 |    464 |    324 |   5674 |   5 | 1423.6 |
        Shoals |   4386 |   4313 |     73 |    187 |   3798 |   4 | 1096.5 |
  Orcish Mines |   1872 |   1780 |     92 |    158 |   1431 |   2 |  936.0 |
        Depths |      5 |      5 |      0 |      0 |      0 |   1 |    5.0 |
         Sewer |    364 |    364 |      0 |      0 |    287 |   1 |  364.0 |
       Ossuary |    486 |    486 |      0 |      0 |    296 |   1 |  486.0 |
      Gauntlet |    896 |    896 |      0 |    241 |    358 |   1 |  896.0 |
               +--------+--------+--------+--------+--------+-----+--------+

Top non-repeatable levels by time:
    D:14: 2432 daAuts
  Lair:5: 1997 daAuts
    D:12: 1949 daAuts
  Lair:4: 1798 daAuts
Shoals:1: 1524 daAuts
Shoals:3: 1509 daAuts
    D:15: 1480 daAuts
     D:8: 1464 daAuts
     D:1: 1403 daAuts
    D:10: 1380 daAuts
    D:11: 1374 daAuts
  Lair:3: 1247 daAuts
     D:3: 1222 daAuts
Shoals:2: 1174 daAuts
     D:2: 1077 daAuts
